 Dungeon Crawl Stone Soup version 0.28.0-45-g0d030f2227 (webtiles) character file.

Game seed: 1763743479561596315

5049 seaoflcl the Fighter (level 10, -5/80 HPs)
             Began as a Demonspawn Fighter on Apr 24, 2022.
             Was a Believer of Ru.
             Slain by a vampire
             ... wielding a +0 glaive
              (13 damage)
             ... in a bailey.
             The game lasted 00:22:07 (13739 turns).

seaoflcl the Fighter (Demonspawn Fighter)          Turns: 13739, Time: 00:22:08

Health: -5/80      AC: 21    Str: 20    XL:     10   Next: 30%
Magic:  10/10      EV:  7    Int:  9    God:    Ru [**....]
Gold:   367        SH:  6    Dex: 14    Spells: 9/9 levels left

rFire   . . .      SeeInvis .   B - +2 war axe (freeze)
rCold   + . .      Faith    +   c - +0 buckler
rNeg    . . .      Spirit   .   l - +0 chain mail
rPois   .          Reflect  .   (no helmet)
rElec   .          Harm     .   (no cloak)
rCorr   .          Rampage  .   r - +0 pair of gloves
Will    .....                   (no boots)
Stlth   ..........              E - amulet of faith
HPRegen 0.23/turn               s - ring of protection from cold
MPRegen 0.12/turn               (no ring)

@: sanguine armoured
A: spiny 1, hated by all, sanguine armour 2, demonic magic 3
a: Renounce Religion


You were in a bailey.
You worshipped Ru.
Ru was pleased with you.
You visited 2 branches of the dungeon, and saw 10 of its levels.
You also visited: Bailey.

You collected 393 gold pieces.
You spent 26 gold pieces at shops.

Inventory:

Hand Weapons
 a - a +0 long sword
 b - a +3 shortbow
 p - a +0 hunting sling
 u - a +0 vorpal flail
 B - a +2 war axe of freezing (weapon)
 D - a +4 dire flail
Missiles
 q - 84 sling bullets
 v - 113 arrows
 x - a throwing net (quivered)
Armour
 c - a +0 buckler (worn)
 l - a +0 chain mail (worn)
 r - a +0 pair of gloves (worn)
 w - the +0 robe "Jaahur" {rN+ Str+4 Int-5 Dex+4}
   (You found it on level 6 of the Dungeon)

   Str:       It affects your strength (+4).
   Int:       It affects your intelligence (-5).
   Dex:       It affects your dexterity (+4).
   rN:        It protects you from negative energy.
 C - +0 steam dragon scales
Jewellery
 s - a ring of protection from cold (left hand)
 E - an amulet of faith (around neck)
 F - an amulet of guardian spirit
Wands
 n - a wand of flame (11)
Scrolls
 e - a scroll of brand weapon {unknown}
 g - a scroll of enchant weapon {unknown}
 i - 4 scrolls of teleportation
 k - 3 scrolls of fog
 m - 2 scrolls of amnesia
 t - 3 scrolls of noise
 y - a scroll of holy word {unknown}
 z - a scroll of enchant armour {unknown}
 A - a scroll of blinking {unknown}
Potions
 d - 3 potions of brilliance {unknown}
 f - 2 potions of flight {unknown}
 j - 4 potions of lignification
 o - a potion of degeneration {unknown}
 G - a potion of mutation {unknown}


   Skills:
 + Level 8.1 Fighting
 - Level 6.5 Long Blades
 * Level 3.6 Axes
 + Level 7.4 Armour
 + Level 7.4 Shields


You had 9 spell levels left.
You didn't know any spells.
Your spell library contained the following spells:

 Spells                   Type           Power      Damage    Failure   Level
 Magic Dart               Conj           0%         1d3       99%         1
 Sandblast                Erth           0%         2d4       99%         1
 Corpse Rot               Necr/Air       0%         N/A       99%         2
 Searing Ray              Conj           0%         2d4       99%         2
 Sublimation of Blood     Necr           0%         N/A       99%         2
 Ozocubu's Armour         Ice            0%         N/A       100%        3
 Portal Projectile        Hex/Tloc       0%         N/A       100%        3
 Dispel Undead            Necr           0%         3d6       100%        4
 Fulminant Prism          Conj/Hex       0%         3d6       100%        4
 Leda's Liquefaction      Hex/Erth       0%         N/A       100%        4
 Petrify                  Tmut/Erth      0%         N/A       100%        4
 Irradiate                Conj/Tmut      0%         3d14      100%        5
 Ozocubu's Refrigeration  Ice            0%         4d5       100%        7
 Call Canine Familiar     Summ           Unusable   N/A       N/A         3
 Death Channel            Necr           Unusable   N/A       N/A         6

Dungeon Overview and Level Annotations

Branches:
Dungeon (9/15)             Temple (1/1) D:7            Lair (0/6) D:8
 Bailey (1/1)
    Orc: D:9-12

Altars:
Ashenzari
Cheibriados
Fedhas
Hepliaklqana
Kikubaaqudgha
Okawaru
Ru
Sif Muna
Trog
Wu Jian
Yredelemnul
Zin
The Shining One

Shops:
D:4 (?[


Innate Abilities, Weirdness & Mutations

You are partially covered in sharp spines.
You are hated by all.
When seriously injured, your blood forms thick armour. (AC +9)
Spells you cast and wands you use may paralyse nearby enemies.


Message History

* * * LOW HITPOINT WARNING * * *
You focus your inner power and illuminate something in retribution!
The vampire bites you but does no damage.
You slash the vampire! You freeze the vampire.
The vampire is almost destroyed.
The vampire hits you but does no damage.
The vampire bites you but does no damage.
You block the vampire's attack. The vampire bites you!
* * * LOW HITPOINT WARNING * * *
The vampire draws strength from your injuries!
You barely miss the vampire.
The vampire is severely damaged.
The vampire barely misses you. You block the vampire's attack.
The vampire closely misses you.
The vampire gestures at you while chanting.
You resist with some effort.
There is a large open door here.
Aiming: Throw Flame
Press: ? - help, Shift-Dir - straight line, f - vampire
Aim: a vampire, wielding a +0 glaive and wearing a +0 chain mail (severely damaged, slightly transparent, softly glowing, 85% to hit)
The puff of flame hits the vampire.
The vampire is almost destroyed.
Malevolent energies surge around you.
Aiming: Throw Flame
Press: ? - help, Shift-Dir - straight line, f/p - vampire
Aim: a vampire, wielding a +0 glaive and wearing a +0 chain mail (almost destroyed, slightly transparent, softly glowing, 85% to hit)
The puff of flame hits the vampire but does no damage.
The vampire is almost destroyed.
Malevolent energies surge around you.
The vampire stops glowing and disappears.
You hear some strange, mumbled words.
You are confused.
Something hits you but does no damage. Something hits you!
* * * LOW HITPOINT WARNING * * *
You feel less confused.
You hear some strange, mumbled words.
Something tries to affect you, but you resist.
Something hits you!
You die...

##### ##### #.÷.#
##....###### #÷÷÷####
#!.....##.8#####.))'..#####
#...#..#8..#####))#....
##..'.@#.......##'#....
#..'..#........))...).
#...#..#..♣..........##
!.....##..#..♣♣...........
#8...##...#..........♣....
######....##...♣......).##
#.......##.....♣..♣...#
#...##)..##....♣.....))
#..##.)..#........♣...#


There were no monsters in sight!

Vanquished Creatures
  Pikel (D:6)
  A gargoyle (Bailey)
  Grinder (D:6)
  Grum (D:7)
  2 steam dragons
  2 water moccasins (D:7)
  Duvessa (D:6)
  2 sky beasts
  2 ice beasts
  2 necrophages
  2 centaurs
  3 wolves (D:7)
  4 ogres
  A phantom (D:4)
  A kobold brigand (D:8)
  4 bullfrogs
  A wyvern zombie (D:8)
  2 scorpions
  Dowan (D:6)
  4 killer bees (D:8)
  8 vampire bats (Bailey)
  3 wights
  A howler monkey (D:6)
  4 wolf zombies (Bailey)
  2 centaur zombies
  A bullfrog zombie (D:6)
  2 hounds
  3 orc priests
  2 bullfrog skeletons
  2 iguanas (D:6)
  5 orc wizards
  A hound zombie (D:5)
  A howler monkey zombie (D:6)
  3 gnolls (D:3)
  6 adders
  A howler monkey skeleton (D:5)
  A white imp (D:7)
  An ufetubus (D:5)
  An adder skeleton (D:2)
  2 worms
  A dart slug (D:4)
  12 orcs
  3 bat skeletons (D:2)
  3 endoplasms
  2 giant cockroaches
  11 goblins
  6 hobgoblins
  4 jackals (D:2)
  7 kobolds
  2 quokkas
  3 ball pythons
  A ball python skeleton (D:2)
  5 bats
  2 frilled lizards (D:1)
  20 orc zombies (Bailey)
  4 rats
174 creatures vanquished.

Vanquished Creatures (others)
  An orc zombie (Bailey)
  5 toadstools (D:1)
  2 withered plants (D:2)
8 creatures vanquished.

Grand Total: 182 creatures vanquished

Notes
Turn   | Place    | Note
-------+----------+-------------------------------------------
     0 | D:1      | seaoflcl the Demonspawn Fighter began the quest for the
                  | Orb.
     0 | D:1      | Reached XP level 1. HP: 18/18 MP: 1/1
    55 | D:1      | Found a faded altar of an unknown god.
    63 | D:1      | Got Plato's Tome of the Mountains
   221 | D:1      | Gained mutation: You are partially covered in sharp spines.
                  | [demonic ancestry]
   221 | D:1      | Reached XP level 2. HP: 24/24 MP: 2/2
   516 | D:2      | Gained mutation: Spells you cast may paralyse adjacent
                  | enemies. [demonic ancestry]
   516 | D:2      | Reached XP level 3. HP: 28/29 MP: 3/3
  1315 | D:3      | HP: 1/29 [gnoll/+0 flail (6)]
  1322 | D:3      | Reached XP level 4. HP: 3/35 MP: 4/4
  2772 | D:3      | Reached XP level 5. HP: 42/42 MP: 5/5
  3227 | D:4      | Found Nydghush's Magic Scroll Shop.
  3287 | D:4      | Bought a scroll of identify for 26 gold pieces
  3312 | D:4      | Reached skill level 4 in Fighting
  3384 | D:4      | Found Osuemnes's Antique Weapon Boutique.
  3403 | D:4      | Noticed a sky beast
  3420 | D:4      | Killed a sky beast
  3421 | D:4      | Gained mutation: Spells you cast may paralyse nearby
                  | enemies. [demonic ancestry]
  3421 | D:4      | Reached XP level 6. HP: 16/48 MP: 6/6
  4008 | D:4      | Found Awuqir's Armour Shoppe.
  4032 | D:5      | Entered Level 5 of the Dungeon
  4134 | D:5      | Noticed an ice beast
  4143 | D:5      | Killed an ice beast
  4144 | D:5      | Gained mutation: Spells you cast and wands you use may
                  | paralyse nearby enemies. [demonic ancestry]
  4144 | D:5      | Reached XP level 7. HP: 48/55 MP: 7/7
  4386 | D:6      | HP: 1/55 [poisoned by an orc wizard]
  4393 | D:6      | Reached skill level 5 in Fighting
  4633 | D:6      | Noticed Pikel
  4645 | D:6      | Killed Pikel
  4646 | D:6      | Reached skill level 5 in Armour
  4646 | D:6      | Reached skill level 5 in Shields
  4646 | D:6      | Reached XP level 8. HP: 22/64 MP: 8/8
  4874 | D:6      | Noticed Grinder
  4882 | D:6      | Paralysed by Grinder for 6 turns
  4895 | D:6      | Killed Grinder
  4896 | D:6      | Reached skill level 5 in Long Blades
  4964 | D:6      | Reached skill level 6 in Fighting
  5122 | D:6      | Identified the +0 robe "Jaahur" {rN+ Str+4 Int-5 Dex+4}
  5462 | D:6      | Gained mutation: When seriously injured, your blood forms
                  | armour. (AC +9) [demonic ancestry]
  5462 | D:6      | Reached XP level 9. HP: 71/71 MP: 9/9
  5729 | D:6      | Noticed Duvessa
  5730 | D:6      | Noticed Dowan
  5749 | D:6      | Killed Duvessa
  6164 | D:6      | Killed Dowan
  6584 | D:5      | You fall into a shaft and drop 1 floor!
  7374 | D:7      | Reached skill level 7 in Fighting
  8215 | D:7      | Found a staircase to the Ecumenical Temple.
  8266 | Temple   | Entered the Ecumenical Temple
  8427 | Temple   | Became a worshipper of Ru the Awakened
 10200 | D:7      | Reached skill level 1 in Axes
 11039 | D:8      | Found a staircase to the Lair.
 11309 | D:8      | Noticed Grum
 11321 | D:7      | Gained mutation: When seriously injured, your blood forms
                  | thick armour. (AC +9) [demonic ancestry]
 11321 | D:7      | Reached XP level 10. HP: 35/80 MP: 10/10
 11622 | D:7      | Killed Grum
 12212 | D:9      | Found a flagged portal.
 12219 | Bailey   | Entered a bailey
 12284 | Bailey   | Gained mutation: You are hated by all. [Ru sacrifice]
 12284 | Bailey   | Reached * piety under Ru
 12284 | Bailey   | Reached ** piety under Ru
 12900 | Bailey   | Reached skill level 8 in Fighting
 13014 | Bailey   | Noticed a gargoyle
 13048 | Bailey   | Killed a gargoyle
 13739 | Bailey   | Slain by a vampire

Illustrated notes

Levels and vault maps discovered:
D:1:      ldierk_walled_garden, layout_rooms,
          shapermc_ecumenical_altar_rom_forum
D:2:      layout_loops_ring, serial_undead, serial_undead_b, serial_undead_f,
          serial_undead_d, serial_undead_b
D:3:      layout_rooms
D:4:      layout_basic, serial_shops, shop_scrolls, shop,
          nicolae_lakefront_shop, minmay_goblin_outpost
D:5:      layout_basic
D:6:      layout_loops_cross, nicolae_overflow_hidden_temple, enter_ossuary_5,
          uniq_pikel, uniq_grinder, uniq_duvessa
D:7:      layout_layer_cave, temple_statues
D:8:      layout_basic, dpeg_oklobed_lair, uniq_grum
D:9:      layout_long_grid, hiddenorc2_lemuel, enter_bailey_3, serial_shops,
          nicolae_shop_trees
Temple:   roderic_octagonal_lattice_temple
Bailey:   bailey_polearm_vampire_castle_hellmonk, bailey

Skill      XL: |  1  2  3  4  5  6  7  8  9 10 |
---------------+-------------------------------+-----
Long Blades    | 2 3 4 5 6 |  6.5
Shields        | 3 4 5 6 7 |  7.4
Armour         | 3 4 5 6 7 |  7.4
Fighting       | 4 5 6 7 8 |  8.1
Axes           | 2 3 |  3.6

Action                   |  1- 3 |  4- 6 |  7- 9 | 10-12 || total
-------------------------+-------+-------+-------+-------++-------
Melee: Long sword        |    78 |   112 |   201 |       ||   391
       Hunting sling     |       |     1 |       |       ||     1
       War axe           |       |       |    43 |   116 ||   159
 Fire: Hunting sling     |       |     7 |       |       ||     7
Invok: Sacrifice Love    |       |       |       |     1 ||     1
Evoke: Wand              |       |     1 |     8 |     9 ||    18
  Use: Potion            |     1 |       |     6 |     3 ||    10
       Scroll            |       |     1 |     4 |       ||     5
 Stab: Paralysed         |       |       |     1 |     2 ||     3
       Invisible         |       |       |       |     3 ||     3
Armor: Scale mail        |    37 |    41 |       |       ||    78
       Chain mail        |       |     4 |   198 |    84 ||   286
Dodge: Dodged            |    25 |    54 |    99 |    72 ||   250
Block: Buckler           |    20 |    36 |    76 |    53 ||   185
